Map: Curious Minds LE

Players

SpeCial

  • Race: Terran Terran
  • League: Master

Lambo - Winner!

  • Race: Zerg Zerg

Event: DreamHack SC2 Masters Last Chance 2022

VOD

Have the link to the VOD?

Description

Time

  • Played on: Dec. 19, 2021, 8:48 p.m.
  • Length: 13:06

All games in this series

Show
View Real Time Build Order
Export as new Build Order

SpeCial Terran 

Build Orders:  

Get SALT Encoding   

  12  0:00  SCV  
  13  0:12  SCV  
  14  0:18  Supply Depot  
  14  0:24  SCV  
  15  0:40  Barracks  
  15  0:50  Barracks  
  15  0:53  SCV  
  16  1:05  SCV  
  17  1:11  Refinery  
  17  1:17  SCV  
  18  1:27  Marine  
  18  1:29  Orbital Command  
  19  1:37  Marine  
  20  1:43  Supply Depot  
  20  1:44  Marine  
  21  1:50  Bunker  
  21  1:55  SCV  
  21  1:57  Reaper  
  23  2:10  SCV  
  23  2:14  Reaper  
  25  2:22  SCV  
  25  2:25  Command Center  
  26  2:35  SCV  
  27  2:47  SCV  
  28  2:52  Factory  
  28  2:58  Refinery  
  28  2:59  SCV  
  28  3:02  Supply Depot  
  29  3:11  SCV  
  30  3:18  Barracks Reactor  
  30  3:23  SCV  
  31  3:35  SCV  
  31  3:38  Hellion, Barracks Tech Lab  
  31  3:39  Orbital Command  
  34  3:47  Supply Depot, SCV  
  37  3:56  Marine  
  37  3:58  Stimpack  
  37  3:59  SCV  
  37  4:05  Barracks Reactor  
  37  4:06  Hellion x2  
  37  4:08  Starport, SCV  
  42  4:11  Supply Depot, SCV  
  42  4:15  Marine  
  44  4:20  SCV  
  44  4:23  SCV  
  46  4:24  Engineering Bay  
  46  4:28  Supply Depot  
  46  4:32  SCV  
  46  4:34  Marine  
  46  4:36  SCV  
  46  4:37  Supply Depot, Factory Tech Lab  
  49  4:40  Refinery  
  49  4:42  Marine x2  
  49  4:44  SCV  
  52  4:48  SCV  
  52  4:51  Terran Infantry Weapons Level 1  
  53  4:55  Marine  
  53  4:56  SCV, Medivac  
  57  5:00  Supply Depot  
  57  5:01  SCV  
  57  5:05  Supply Depot  
  58  5:07  Medivac, Marine x2  
  58  5:12  SCV  
  58  5:13  SCV  
  64  5:21  Marine  
  64  5:24  SCV  
  64  5:25  Marine x2  
  64  5:26  Siege Tank  
  71  5:29  SCV  
  72  5:36  Refinery  
  72  5:37  Supply Depot  
  72  5:39  Marine  
  72  5:41  Combat Shield  
  73  5:43  Marine x2  
  73  5:47  SCV  
  76  5:56  Command Center  
  76  5:57  Marine  
  76  6:01  Marine x2  
  76  6:02  Liberator  
  80  6:13  Siege Tank  
  80  6:14  SCV  
  80  6:15  Marine  
  80  6:16  SCV  
  82  6:18  Medivac  
  82  6:19  Marine x2  
  86  6:26  SCV  
  86  6:28  SCV  
  88  6:32  Marine  
  88  6:36  Marine  
  88  6:37  Marine  
  91  6:40  Barracks  
  91  6:48  Barracks  
  91  6:49  Medivac x2, Barracks  
  91  6:50  Marine  
  96  6:54  Marine x2  
  96  6:55  Siege Tank  
  96  7:01  SCV x2  
  101  7:05  Terran Infantry Armor Level 1  
  101  7:08  Marine  
  101  7:12  Supply Depot, Marine x2  
  99  7:26  Marine  
  83  7:30  Medivac x2, Marine x2  
  83  7:32  SCV  
  83  7:35  Barracks Reactor  
  88  7:41  SCV, Orbital Command  
  88  7:43  Siege Tank  
  88  7:44  Barracks Reactor x2, Marine  
  83  7:48  Marine x2  
  83  7:49  Barracks  
  83  7:50  Barracks  
  86  7:52  Barracks  
  86  7:55  SCV  
  87  8:01  Marine  
  87  8:05  Supply Depot, Marine  
  88  8:06  Marine  
  90  8:15  Siege Tank  
  90  8:17  Armory  
  90  8:18  Marine x2  
  90  8:19  Marine x2  
  97  8:23  Marine x2  
  97  8:25  SCV x2  
  97  8:26  SCV  
  99  8:36  Marine  
  99  8:37  Liberator, Marine  
  99  8:38  Marine x2  
  100  8:41  Marine x4  
  100  8:42  SCV x2  
  100  8:47  Siege Tank  
  102  8:49  SCV  
  102  8:50  Barracks Reactor x2  
  102  8:53  Marine x2  
  102  8:54  SCV x2  
  102  8:55  Marine x2  
  105  8:59  Marine x3  
  105  9:00  Marine x3  
  105  9:01  SCV  
  113  9:06  SCV x2  
  114  9:10  Marine  
  114  9:11  Marine  
  114  9:13  SCV, Marine  
  114  9:16  Terran Infantry Weapons Level 2  
  117  9:18  SCV x2  
  117  9:20  Siege Tank, Marine  
  117  9:21  Marine  
  124  9:25  SCV  
  124  9:26  Marine  
  124  9:31  Supply Depot, Marine x2  
  126  9:32  Marine  
  126  9:34  Marine  
  126  9:35  Marine  
  128  9:38  Marine x2  
  128  9:40  Marine x2  
  128  9:41  Marine x3  
  128  9:45  SCV x2  
  137  9:46  Bunker, Marine x2  
  137  9:49  Medivac  
  141  9:53  Siege Tank, Marine  
  141  9:54  Supply Depot, Marine  
  141  9:55  Supply Depot  
  146  10:01  Marine x2  
  146  10:02  Marine  
  149  10:16  Marine x8  
  149  10:17  Medivac  
  149  10:18  Medivac  
  149  10:19  Marine  
  161  10:25  Siege Tank  
  158  10:31  Marine  
  158  10:32  Marine x4  
  158  10:34  Marine x8  
  164  10:37  Marine  
  164  10:42  Supply Depot  
  165  10:46  Liberator  
  165  10:49  Marine  
  165  10:54  Marine x2  
  165  10:55  Liberator, Marine x4  
  160  10:57  Siege Tank  
  160  10:58  Marine  
  132  11:07  Marine  
  132  11:08  Marine x2  
  132  11:11  Marine  
  136  11:18  Marine  
  109  11:20  Marine x2  
  109  11:21  Marine x2  
  109  11:22  Marine x3  
  109  11:25  Marine x4  
  113  11:26  Marine  
  113  11:28  Marine  
  113  11:29  Siege Tank  
  119  11:36  Marine  
  119  11:38  Marine x2  
  119  11:39  Marine x2  
  116  11:40  Marine x3  
  116  11:43  Marine x5  
  116  11:46  Marine  
  107  11:54  Marine  
  99  11:56  Marine x2  
  99  11:57  Marine  
  99  11:58  Marine x3  
  103  12:03  Siege Tank  
  103  12:05  Marine  
  96  12:24  Marine  
  94  12:31  Marine x2  
  94  12:34  Marine x3  
  102  12:43  Marine x3  
  102  12:44  Marine  
  106  12:46  Marine  
Show
View Real Time Build Order
Export as new Build Order

Lambo Zerg - Winner!

Build Orders: Hatch First 

Get SALT Encoding   

  12  0:00  Drone  
  13  0:12  Overlord  
  13  0:18  Drone  
  14  0:31  Drone x2  
  16  0:48  Hatchery  
  15  0:50  Drone  
  15  0:55  Drone  
  17  0:57  Drone  
  18  1:08  Extractor  
  17  1:12  Spawning Pool  
  17  1:16  Drone  
  17  1:19  Drone  
  18  1:27  Drone  
  19  1:38  Drone  
  20  2:01  Zergling x6, Queen, Spine Crawler  
  23  2:15  Queen  
  25  2:22  Drone  
  25  2:27  Drone x2  
  28  2:33  Overlord  
  28  2:42  Overlord  
  28  2:53  Drone x3  
  28  2:55  Drone x2  
  33  3:00  Queen  
  35  3:06  Spore Crawler  
  33  3:17  Drone x4  
  33  3:18  Drone  
  38  3:22  Drone  
  38  3:25  Drone x2  
  41  3:31  Metabolic Boost  
  41  3:35  Overlord  
  41  3:41  Drone, Overlord  
  41  3:44  Drone x2  
  44  3:58  Hatchery  
  44  4:01  Queen  
  45  4:03  Drone  
  45  4:04  Drone  
  45  4:07  Drone  
  48  4:12  Drone x3  
  48  4:15  Drone x2  
  53  4:19  Overlord  
  53  4:23  Queen  
  55  4:27  Drone x2  
  55  4:31  Baneling Nest  
  56  4:32  Zergling x2  
  56  4:34  Zergling x2  
  56  4:35  Zergling x2  
  56  4:36  Drone  
  60  4:41  Queen  
  60  4:45  Zergling x4  
  64  4:50  Drone x4  
  68  4:55  Overlord  
  68  5:00  Overlord  
  68  5:05  Overlord  
  68  5:09  Queen  
  68  5:12  Spore Crawler  
  68  5:13  Spore Crawler  
  68  5:17  Drone x5  
  68  5:18  Drone  
  74  5:24  Lair, Spore Crawler  
  74  5:28  Queen  
  73  5:31  Drone  
  73  5:32  Drone  
  73  5:33  Baneling  
  73  5:34  Baneling x3  
  73  5:35  Drone  
  78  5:37  Extractor  
  78  5:38  Extractor  
  78  5:41  Drone x4  
  80  5:43  Drone  
  80  5:44  Drone x2  
  80  5:47  Drone x2  
  80  5:49  Drone x2  
  87  5:52  Drone  
  87  5:53  Drone x2  
  87  5:54  Drone  
  90  5:59  Baneling x2  
  90  6:01  Overlord  
  90  6:05  Overlord  
  90  6:07  Overlord  
  90  6:11  Zergling x4  
  89  6:15  Overlord  
  89  6:22  Zergling x6, Evolution Chamber  
  89  6:23  Evolution Chamber  
  89  6:24  Hatchery  
  87  6:27  Zergling x10  
  92  6:35  Drone x2, Extractor  
  92  6:36  Centrifugal Hooks  
  93  6:41  Hatchery  
  93  6:45  Zergling x10  
  97  6:48  Zergling x2  
  97  6:49  Zergling x4  
  97  6:50  Zerg Melee Weapons Level 1  
  99  6:55  Zergling x8  
  99  6:59  Zergling x2  
  99  7:00  Zergling x4  
  105  7:05  Zergling x2  
  105  7:06  Baneling x3  
  106  7:09  Zergling x10  
  106  7:12  Queen  
  111  7:18  Zergling x4  
  111  7:21  Zergling x8  
  94  7:31  Zergling x4  
  94  7:33  Zergling x2  
  94  7:37  Drone  
  94  7:42  Drone x2  
  96  7:47  Drone x2  
  98  7:53  Queen  
  98  7:55  Zerg Ground Armor Level 1  
  98  7:56  Drone x4  
  98  7:57  Queen  
  106  7:59  Queen x2  
  106  8:00  Overlord  
  106  8:02  Drone  
  106  8:04  Baneling x3  
  106  8:05  Baneling  
  111  8:06  Drone x2  
  111  8:07  Drone x4  
  115  8:15  Zergling x8  
  115  8:18  Baneling x8  
  119  8:21  Zergling x10  
  119  8:25  Zergling x4  
  126  8:28  Zergling x4  
  126  8:31  Zergling x2  
  127  8:35  Zergling x6  
  127  8:38  Zergling x2  
  127  8:39  Zergling x8  
  114  8:42  Zergling x6  
  114  8:46  Queen x2  
  114  8:47  Spore Crawler  
  108  8:51  Drone x7  
  108  8:53  Baneling x3  
  108  8:55  Zerg Melee Weapons Level 2  
  114  9:02  Zergling x18  
  123  9:03  Baneling x2  
  123  9:05  Zergling x2  
  123  9:06  Zergling x4  
  123  9:07  Zergling x4  
  126  9:16  Overlord  
  125  9:19  Overlord  
  125  9:23  Baneling x6  
  125  9:26  Hatchery  
  125  9:29  Overlord  
  124  9:32  Queen  
  124  9:38  Zergling x34  
  141  9:41  Zergling x2  
  142  9:46  Overseer, Baneling x2  
  142  9:49  Infestation Pit  
  141  9:54  Zergling x18  
  141  9:57  Zergling x4  
  150  10:03  Zergling x2  
  150  10:04  Baneling x16  
  147  10:28  Zergling x14  
  149  10:31  Zergling x2  
  149  10:32  Zergling x2  
  149  10:33  Hive  
  150  10:40  Zergling x12  
  150  10:41  Overlord x3  
  152  10:43  Zerg Ground Armor Level 2  
  152  10:50  Zergling x8  
  152  10:52  Zergling x4  
  152  10:55  Zergling x2  
  152  10:56  Zergling x24  
  150  10:58  Zergling x2  
  150  11:02  Zergling x2  
  136  11:04  Baneling x8  
  136  11:05  Zergling x8  
  136  11:08  Baneling x12  
  136  11:09  Zergling x6  
  145  11:11  Zergling x4  
  145  11:13  Zergling x4  
  145  11:17  Zergling x2  
  136  11:18  Zergling x6  
  136  11:20  Zergling x2  
  136  11:25  Zergling x2  
  137  11:26  Drone x2  
  137  11:28  Zergling x2  
  138  11:33  Zergling x6  
  138  11:38  Zergling x4  
  134  11:41  Zergling x4  
  134  11:43  Zergling x2  
  134  11:44  Zergling x6  
  134  11:45  Zergling x2  
  134  11:46  Zergling x6  
  132  11:50  Zergling x2  
  125  11:54  Zergling x10  
  125  11:58  Zergling x6  
  125  12:01  Queen x2  
  123  12:04  Zergling x10  
  123  12:05  Ultralisk Cavern  
  123  12:06  Baneling  
  123  12:07  Baneling x9  
  130  12:12  Zergling x18  
  130  12:14  Zergling x2  
  138  12:19  Zergling x12  
  138  12:21  Zergling x4  
  137  12:23  Baneling x5  
  137  12:24  Zergling x2  
  137  12:27  Zergling x6  
  137  12:28  Zergling x2  
  135  12:31  Zergling x2  
  135  12:34  Viper  
  135  12:35  Zergling x4  
  135  12:36  Baneling x9  
  137  12:38  Zergling x4  
  137  12:42  Zergling x8  
  137  12:44  Baneling x5  
  143  12:46  Zergling x6  
  143  12:48  Zergling x2  
  143  12:49  Zergling x2  

Tags
 
Add a new tag
Caveats
  • Supply blocks, unpowered buildings, or Contaminate may cause inaccurate times.
  • Supply counts are checked every 10 seconds.